 Dungeon Crawl Stone Soup version 0.15-a0-1363-g87d8b17 (webtiles) character file.

187 PolkaDot the Insei (level 5, -1/38 HPs)
             Began as a Vampire Transmuter on June 9, 2014.
             Slain by a gnoll (8 damage)
             ... on Level 3 of the Dungeon.
             The game lasted 00:07:07 (2091 turns).

PolkaDot the Insei (Vampire Transmuter)             Turns: 2091, Time: 00:07:07

HP  -1/38        AC  3     Str  9      XL: 5   Next: 39%
MP   9/9         EV 12     Int 15      God:
Gold 86          SH  0     Dex 15      Spells:  2 memorised,  2 levels left

rFire  . . .     SeeInvis +       - Unarmed
rCold  . . .     Clarity  .     c - +0 robe
rNeg   . . .     rCorr    .     (no shield)
rPois  .         rRot     .     (no helmet)
rElec  .         Spirit   .     (no cloak)
SustAb .         Warding  .     (no gloves)
rMut   .         Stasis   +     r - +0 pair of boots
Gourm  .                        m - amulet of stasis
MR     .....                    (no ring)
                                (no ring)

@: very slightly contaminated, regenerating quickly, not resistant to hostile
enchantments, very unstealthy
A: fangs 3, see invisible, unbreathing
a: no special abilities


You were on level 3 of the Dungeon.
You were very full.

You visited 1 branch of the dungeon, and saw 3 of its levels.

You collected 86 gold pieces.

Inventory:

Missiles
 b - 12 arrows
Armour
 c - a +0 robe (worn)
 r - a +0 pair of boots (worn)
Magical devices
 s - a wand of magic darts (14) {unknown}
 u - a wand of magic darts (13) {unknown}
Scrolls
 e - 2 scrolls of enchant weapon II {unknown}
 f - a scroll of fear {unknown}
 h - 2 scrolls of fog {unknown}
 n - 3 scrolls of remove curse {unknown}
 o - a scroll of recharging {unknown}
 q - 2 scrolls of identify {unknown}
 t - 2 scrolls of random uselessness {unknown}
 v - a scroll of magic mapping {unknown}
Jewellery
 m - an amulet of stasis (around neck)
Potions
 a - 2 potions of agility {unknown}
 g - a potion of might {unknown}
 i - a potion of haste {unknown}
 j - a potion of curing
 k - a potion of brilliance {unknown}
 l - 2 potions of restore abilities
 p - a potion of poison {unknown}
Books
 d - a book of Changes

   Spells                             Type                      Level
   *Beastly Appendage                 Transmutation                1
   Sticks to Snakes                   Transmutation                2
   Spider Form                        Transmutation/Poison         3
   Ice Form                           Ice/Transmutation            4
   *Blade Hands                       Transmutation                5


   Skills:
 - Level 2.2 Fighting
 - Level 2.1 Dodging
 * Level 5.7 Unarmed Combat
 - Level 2.0 Spellcasting
 + Level 3.1 Transmutations


You had 2 spell levels left.
You knew the following spells:

 Your Spells              Type           Power        Failure   Level  Hunger
a - Beastly Appendage     Trmt           ##....       8%          1    #......
b - Blade Hands           Trmt           ##........   99%         5    ######.


Dungeon Overview and Level Annotations

Branches:
Dungeon (3/15)

Altars:
Gozag


Innate Abilities, Weirdness & Mutations

Your natural rate of healing is unusually fast.
You have razor-sharp teeth.*
You have supernaturally acute eyesight.
You can survive without breathing.*


Message History

The gnoll is almost dead.
The gnoll barely misses you. x2
You punch the gnoll!
You kill the gnoll!
The gnoll barely misses you.
You see here a flail.
You hit the gnoll but do no damage. The gnoll hits you with a spear.
* * * LOW HITPOINT WARNING * * *
You hit the gnoll. You bite the gnoll.
The gnoll is heavily wounded.
The gnoll closely misses you.
You hit the gnoll but do no damage.
The gnoll is heavily wounded.
The gnoll barely misses you.
You punch the gnoll!
You kill the gnoll!
You hit the gnoll.
The gnoll is heavily wounded.
The gnoll hits you!
You die...

######### .........# #.#
########### #@# ...........
#g#
##.#.#.#####+###.######.#
...._..........#........#
...#.#.(.............####
.....................#
.....................#
...............>..#+###+###
......%..#...(............#


You could see a gnoll.

Vanquished Creatures
  2 orc wizards (D:3)
  3 adders
  2 gnolls (D:3)
  A giant mite (D:2)
  3 worms
  2 giant geckos (D:2)
  3 oozes
  2 orcs
  9 bats
  2 hobgoblins (D:2)
  9 jackals
  A quokka (D:2)
  2 giant cockroaches
  3 giant newts
  7 goblins
  8 kobolds
  8 rats
67 creatures vanquished.

Notes
Turn   | Place    | Note
--------------------------------------------------------------
     0 | D:1      | PolkaDot, the Vampire Transmuter, began the quest for the Orb.
     0 | D:1      | Reached XP level 1. HP: 14/14 MP: 3/3
    19 | D:1      | Reached skill level 1 in Fighting
    85 | D:1      | Reached XP level 2. HP: 21/21 MP: 4/4
   524 | D:2      | Reached skill level 4 in Unarmed Combat
   734 | D:2      | Reached XP level 3. HP: 15/27 MP: 6/6
   763 | D:2      | HP: 1/27 [kobold/short sword (1)]
  1092 | D:2      | Reached XP level 4. HP: 20/33 MP: 7/7
  1095 | D:2      | Learned a level 1 spell: Beastly Appendage
  1406 | D:3      | Reached skill level 5 in Unarmed Combat
  1521 | D:3      | Reached XP level 5. HP: 18/38 MP: 9/9
  1779 | D:3      | Found an opulent altar of Gozag.
  1914 | D:3      | Learned a level 5 spell: Blade Hands
  2091 | D:3      | Slain by a gnoll

Action                   |  1- 3 |  4- 6 || total
-------------------------+-------+-------++-------
Melee: Unarmed           |   138 |   104 ||   242
 Cast: Beastly Appendage |       |     3 ||     3
  Use: Potion            |     1 |     6 ||     7
